Map: Automaton LE

Players

KaasGrater

  • Race: Protoss Protoss
  • Spawn Location: 9:00

A.I. 1 (Very Easy) - Winner!

  • Race: Protoss Protoss
  • Spawn Location: 3:00

VOD

Have the link to the VOD?

Description

Time

  • Played on: Dec. 6, 2018, 3:54 p.m.
  • Length: 6:08
Show
View Real Time Build Order
Export as new Build Order

KaasGrater Protoss 

Build Orders: 1 Gate Expand 

Get SALT Encoding   

  12  0:00  Probe  
  13  0:13  Probe  
  14  0:22  Pylon  
  14  0:25  Probe  
  15  0:38  Probe  
  15  0:40  Gateway  
  16  0:46  Probe  
  16  0:47  Assimilator  
  16  0:54  Probe  
  18  1:06  Probe  
  19  1:18  Probe  
  20  1:29  Nexus  
  20  1:40  Cybernetics Core  
  20  1:53  Probe  
  21  1:57  Assimilator  
  21  2:05  Probe  
  21  2:06  Pylon  
  22  2:17  Probe  
  22  2:19  Robotics Facility  
  23  2:24  Stalker  
  23  2:26  Warp Gate  
  26  2:30  Probe  
  26  2:42  Probe  
  27  2:47  Probe  
  28  2:54  Probe  
  28  2:56  Immortal  
  29  2:59  Probe  
  30  3:06  Probe  
  30  3:11  Probe  
  36  3:22  Gateway  
  36  3:24  Gateway  
  36  3:25  Immortal  
  40  3:48  Pylon  
  40  3:49  Stalker  
  40  3:54  Warp Prism  
  42  4:07  Probe  
  45  4:12  Probe  
  46  4:17  Assimilator  
  46  4:19  Shield Battery, Probe  
  47  4:24  Probe  
  47  4:26  Pylon  
  47  4:29  Probe  
  47  4:30  Immortal  
  53  4:33  Probe  
  54  4:40  Probe  
  54  4:44  Probe, Pylon  
  55  4:47  Pylon  
  55  4:49  Probe  
  55  4:52  Stalker  
  59  4:54  Probe  
  60  5:02  Probe, Assimilator  
  60  5:07  Probe  
  62  5:14  Probe  
  63  5:16  Immortal  
  63  5:19  Probe  
  68  5:26  Probe  
  69  5:35  Twilight Council  
  70  5:38  Forge  
  70  5:40  Gateway  
  70  5:41  Gateway  
  69  5:43  Gateway  
  69  5:54  Pylon  
  69  5:55  Pylon  
  69  5:56  Pylon  
Show
View Real Time Build Order
Export as new Build Order

A.I. 1 (Very Easy) Protoss - Winner!

Build Orders:  

Get SALT Encoding   

  12  0:00  Probe  
  13  0:13  Probe  
  14  0:21  Pylon  
  14  0:38  Assimilator  
  14  0:43  Gateway  
  14  0:47  Pylon  
  14  1:16  Assimilator  
  14  1:19  Probe  
  15  1:27  Probe  
  16  1:34  Cybernetics Core  
  16  1:35  Probe  
  17  1:46  Probe  
  18  1:56  Probe  
  18  2:00  Warp Gate  
  19  2:04  Probe  
  20  2:13  Stalker  
  22  5:07  Stalker  
  22  5:09  Probe, Pylon  
  18  5:21  Probe  
  9  5:33  Probe  
  9  5:35  Zealot  
  11  5:43  Robotics Facility  
  11  5:45  Probe  
  13  6:04  Stalker  
Tags
 
Matchup
PvP
Spawn Locations
Cross Positions
Add a new tag
Caveats
  • Supply blocks, unpowered buildings, or Contaminate may cause inaccurate times.
  • Supply counts are checked every 10 seconds.